[Event "*** SCC Grand Prix: Titled Tuesday Blitz"]
[Site "Chess.com"]
[Date "2020.08.11"]
[Round "9"]
[White "TioCridineno"]
[Black "MarceloPlaya"]
[Result "0-1"]
[WhiteElo "2214"]
[BlackElo "2342"]
[TimeControl "180+1"]
[EndTime "11:41:54 PDT"]
[Termination "MarceloPlaya won by resignation"]

1. e4 e6 2. d3 d5 3. Nd2 Bc5 4. Ngf3 Nf6 5. d4 dxe4 6. dxc5 exf3 7. Qxf3 O-O 8. Bd3 Nbd7 9. b4 Ne5 10. Qe2 Nxd3+ 11.
Qxd3 Qxd3 12. cxd3 Rd8 13. Ke2 b6 14. Bb2 bxc5 15.
bxc5 Ba6 16. Nc4 Bxc4 17. dxc4 Ne4 18. Ba3 Rd4 19. Ke3 Rxc4 20. Rac1 Ra4 21. Bb2 Rxa2 22. Be5 Nxf2 23. Rhf1 Ng4+ 24. Kf4 Ra4+ 0-1

[Event "*** SCC Grand Prix: Titled Tuesday Blitz"]
[Site "Chess.com"]
[Date "2020.08.11"]
[Round "9"]
[White "Grieve72"]
[Black "suyu28"]
[Result "1-0"]
[WhiteElo "2395"]
[BlackElo "2569"]
[TimeControl "180+1"]
[EndTime "11:41:59 PDT"]
[Termination "Grieve72 won by checkmate"]

1. e4 c6 2. d4 d5 3. e5 Bf5 4. h4 h6 5. g4 Bh7 6. e6 fxe6 7. Bd3 Bxd3 8. Qxd3 c5 9. Nf3 Nc6 10. dxc5 Qa5+ 11. Nc3 O-O-O 12. Nd4 Nxd4 13. Qxd4 e5 14. Qxe5 d4 15. Bf4 dxc3 16. b4 Qxb4 17. Qc7# 1-0

[Event "*** SCC Grand Prix: Titled Tuesday Blitz"]
[Site "Chess.com"]
[Date "2020.08.11"]
[Round "9"]
[White "Azoulas1"]
[Black "KaspMagAlpha"]
[Result "0-1"]
[WhiteElo "1999"]
[BlackElo "2178"]
[TimeControl "180+1"]
[EndTime "11:42:04 PDT"]
[Termination "KaspMagAlpha won by checkmate"]

1. d4 Nf6 2. c4 e6 3. Nf3 Bb4+ 4. Bd2 c5 5. Bxb4 cxb4 6. g3 O-O 7. Bg2 b6 8. Ne5 d5 9. O-O Bb7 10. Nd2 Nbd7 11.
Re1 Rc8 12. b3 Nxe5 13. dxe5 Ng4 14. f4 Ne3 15. Qb1 Nxg2 16. e4 Nxe1 17. Qxe1 dxe4 18.
Nf1 Qd4+ 19. Ne3 Rfd8 20. Rd1 Qc5 21. Kg2 Rxd1 22. Nxd1 e3+ 23. Kh3 Qc6 24. Nxe3 g5 25.
f5 Qf3 26. Ng4 Qg2# 0-1

[Event "*** SCC Grand Prix: Titled Tuesday Blitz"]
[Site "Chess.com"]
[Date "2020.08.11"]
[Round "9"]
[White "nrvisakh"]
[Black "CaspiIsrael"]
[Result "1-0"]
[WhiteElo "2778"]
[BlackElo "2649"]
[TimeControl "180+1"]
[EndTime "11:42:12 PDT"]
[Termination "nrvisakh won by checkmate"]

1. e4 d5 2. exd5 Qxd5 3. Nc3 Qd6 4. Nf3 Nf6 5. d4 a6 6. Bc4 b5 7. Bb3 Bb7 8. O-O e6 9. Ne5 c5 10. Bf4 c4 11. Ng6 Qc6 12. d5 Nxd5 13. Nxd5 hxg6 14.
Nc7+ Ke7 15. Qg4 Ra7 16. Rad1 Nd7 17. Rfe1 cxb3 18. Bg5+ Nf6 19. Qb4+ Qd6 20. Qxd6# 1-0

[Event "*** SCC Grand Prix: Titled Tuesday Blitz"]
[Site "Chess.com"]
[Date "2020.08.11"]
[Round "9"]
[White "Grandelicious"]
[Black "Yashasd1995"]
[Result "1-0"]
[WhiteElo "2751"]
[BlackElo "2523"]
[TimeControl "180+1"]
[EndTime "11:42:13 PDT"]
[Termination "Grandelicious won by resignation"]

1. Nf3 Nf6 2. b3 d5 3. Bb2 c6 4. c4 Nbd7 5. e3 e6 6. Qc2 Be7 7. Nc3 O-O 8. Rg1 e5 9. g4 e4 10. Nd4 Ne5 11. g5 Ne8 12. Be2 f5 13. cxd5 cxd5 14.
f4 Nc6 15. Nxd5 Nxd4 16. Bxd4 Be6 17. Nxe7+ Qxe7 18. Qc5 Nd6 19. Qe5 Rac8 20. Kf2 Rc2 21. Bc3 Rc8 22. Rgc1 Rxc1 23. Rxc1 Ne8 24. Bc4 Kf7 25.
Qxf5+ 1-0

[Event "*** SCC Grand Prix: Titled Tuesday Blitz"]
[Site "Chess.com"]
[Date "2020.08.11"]
[Round "9"]
[White "Jovidon91"]
[Black "LubovMarkelova"]
[Result "1-0"]
[WhiteElo "2437"]
[BlackElo "2279"]
[TimeControl "180+1"]
[EndTime "11:42:22 PDT"]
[Termination "Jovidon91 won by checkmate"]

1. d4 Nf6 2. Nc3 d5 3. f3 e6 4. e4 dxe4 5. fxe4 Bb4 6. e5 Ne4 7. Qd3 Nxc3 8. bxc3 Be7 9. Nf3 c5 10. Be2 O-O 11. O-O Nc6 12. Qe4 Qd5 13. Qg4 f5 14. exf6 Bxf6 15. Ba3 e5 16. Qh5 g6 17. Qh6 exd4 18. Ng5 Qxg5 19. Bc4+ Kh8 20. Qxf8# 1-0

[Event "*** SCC Grand Prix: Titled Tuesday Blitz"]
[Site "Chess.com"]
[Date "2020.08.11"]
[Round "9"]
[White "MFguimaraes"]
[Black "PawnEatingZombie"]
[Result "1-0"]
[WhiteElo "2414"]
[BlackElo "2206"]
[TimeControl "180+1"]
[EndTime "11:42:24 PDT"]
[Termination "MFguimaraes won by resignation"]

1. e4 c6 2. Bc4 d5 3. Bb3 dxe4 4. Qh5 g6 5. Qh4 Nf6 6. Nc3 Bg7 7. Nxe4 Nxe4 8.
Qxe4 O-O 9. Nf3 Nd7 10. d4 Nf6 11. Qh4 a5 12. a4 Bf5 13. O-O Be4 14. Ne5 Bd5 15.
c4 Be6 16. Bg5 Qb6 17. Ra3 Rfd8 18. c5 Qb4 19. Bxe6 fxe6 20. Qh3 Qxd4 21. Qxe6+ 1-0

[Event "*** SCC Grand Prix: Titled Tuesday Blitz"]
[Site "Chess.com"]
[Date "2020.08.11"]
[Round "9"]
[White "FedaMaster"]
[Black "ENEASZ"]
[Result "1-0"]
[WhiteElo "2429"]
[BlackElo "2570"]
[TimeControl "180+1"]
[EndTime "11:42:30 PDT"]
[Termination "FedaMaster won by resignation"]

1. e4 d6 2. d4 Nf6 3. Bd3 e5 4. c3 Nc6 5. Nf3 g6 6. dxe5 dxe5 7. O-O Bg7 8. Bg5 h6 9. Bxf6 Qxf6 10. Qe2 O-O 11.
Nbd2 Nd8 12. a4 Ne6 13. g3 Nc5 14. Bc2 a5 15. Ne1 Bh3 16. Ng2 h5 17. Rfe1 Bh6 18. Ne3 c6 19. Rad1 Rad8 20. Ndc4 h4 21. Ng4 Bxg4 22.
Qxg4 hxg3 23. hxg3 Kg7 24. Nxa5 Qe7 25. Kg2 Bg5 26.
Rxd8 Rxd8 27. Rd1 Rxd1 28. Qxd1 Bc1 29. Qxc1 1-0

[Event "*** SCC Grand Prix: Titled Tuesday Blitz"]
[Site "Chess.com"]
[Date "2020.08.11"]
[Round "9"]
[White "maxip32"]
[Black "chessfrendz"]
[Result "0-1"]
[WhiteElo "2432"]
[BlackElo "2276"]
[TimeControl "180+1"]
[EndTime "11:42:35 PDT"]
[Termination "chessfrendz won by resignation"]

1. e4 e5 2. f4 d5 3. exd5 exf4 4. Nc3 Bd6 5. Nf3 Nf6 6. Bc4 O-O 7. O-O a6 8. d4 b5 9. Bd3 b4 10. Ne4 Nxe4 11.
Bxe4 Nd7 12. Ne5 Nxe5 13. dxe5 Bxe5 14. Bxh7+ Kxh7 15. Qh5+ Kg8 16. Qxe5 Re8 17. Qxf4 Qxd5 18. Be3 Bb7 19. Rf2 Re4 20. Qg3 Rae8 21. Rf3 Rxe3 22. Rxe3 Rxe3 0-1

[Event "*** SCC Grand Prix: Titled Tuesday Blitz"]
[Site "Chess.com"]
[Date "2020.08.11"]
[Round "9"]
[White "Zq1"]
[Black "mjray79"]
[Result "1-0"]
[WhiteElo "2495"]
[BlackElo "2354"]
[TimeControl "180+1"]
[EndTime "11:42:48 PDT"]
[Termination "Zq1 won by checkmate"]

1. Nf3 Nf6 2. c4 g6 3. Nc3 Bg7 4. e4 d6 5. d4 O-O 6. Be2 e5 7. O-O Nc6 8. d5 Ne7 9. Ne1 Ne8 10. Be3 f5 11. f3 f4 12. Bf2 g5 13. c5 Ng6 14. Rc1 h5 15. a4 Nf6 16. h3 g4 17.
hxg4 hxg4 18. fxg4 Nh7 19. cxd6 cxd6 20. Nb5 Ng5 21.
Nc7 Nxe4 22. Nxa8 Nxf2 23. Rxf2 Qh4 24. Nf3 Qg3 25. Bd3 Nh8 26. Nc7 Bxg4 27. Ne6 Re8 28. Nfg5 Bf6 29. Bh7# 1-0

[Event "*** SCC Grand Prix: Titled Tuesday Blitz"]
[Site "Chess.com"]
[Date "2020.08.11"]
[Round "9"]
[White "Srchesschilango"]
[Black "Enriquack"]
[Result "1-0"]
[WhiteElo "2236"]
[BlackElo "2328"]
[TimeControl "180+1"]
[EndTime "11:42:53 PDT"]
[Termination "Srchesschilango won by resignation"]

1. d4 Nf6 2. c4 g6 3. Nc3 d5 4. Nf3 Bg7 5. Bf4 O-O 6. e3 c5 7. Rc1 cxd4 8. Nxd4 Nc6 9. cxd5 Nxd4 10.
Qxd4 Qa5 11. b4 Qa3 12. Qd2 Qxb4 13. Be2 Bf5 14. O-O Rac8 15. d6 Rfd8 16. a3 Qa5 17. e4 Be6 18. e5 Nd5 19. Nxd5 Qxd5 20. Qxd5 Bxd5 21. dxe7 Re8 22. Rxc8 Rxc8 23. Rd1 1-0

[Event "*** SCC Grand Prix: Titled Tuesday Blitz"]
[Site "Chess.com"]
[Date "2020.08.11"]
[Round "9"]
[White "CzechmVIII"]
[Black "tk22h"]
[Result "1-0"]
[WhiteElo "2187"]
[BlackElo "2364"]
[TimeControl "180+1"]
[EndTime "11:42:54 PDT"]
[Termination "CzechmVIII won by resignation"]

1. e4 e5 2. Nf3 Nc6 3. Bb5 a6 4.
Ba4 Nf6 5. O-O Be7 6. Re1 b5 7. Bb3 d6 8. c3 O-O 9. h3 Na5 10. Bc2 c5 11. d4 Qc7 12. Nbd2 cxd4 13. cxd4 Bd7 14. Nf1 Rac8 15. Ne3 Nc6 16. d5 Nb4 17. Bb3 a5 18. a3 Na6 19. Bd2 Nxe4 20. Rc1 Qb6 21. Ng4 Bxg4 22. hxg4 Nxd2 23. Qxd2 Nc5 24. Bc2 g6 25. Qh6 a4 26. g3 Nb3 27. Bxb3 axb3 28. Kg2 Qb7 29. Rh1 1-0

[Event "*** SCC Grand Prix: Titled Tuesday Blitz"]
[Site "Chess.com"]
[Date "2020.08.11"]
[Round "9"]
[White "rynos0411"]
[Black "barbara25"]
[Result "1-0"]
[WhiteElo "2340"]
[BlackElo "2205"]
[TimeControl "180+1"]
[EndTime "11:42:54 PDT"]
[Termination "rynos0411 won by resignation"]

1. d4 d5 2. c4 c6 3. Nf3 Nf6 4. Nc3 e6 5. e3 Be7 6. Qc2 O-O 7. b3 b6 8. Bb2 Bb7 9. Bd3 Nbd7 10. g4 g6 11. Rg1 c5 12. O-O-O dxc4 13. Be2 cxb3 14. axb3 cxd4 15. Nxd4 Rc8 16. Kb1 a6 17.
Qd3 Ne5 18. Qd2 Ne4 19. Nxe4 Bxe4+ 20. Ka2 Qd5 21. f3 Bxf3 22. Nxf3 Nxf3 23. Qxd5 exd5 24. Bxf3 Bc5 25. Bxd5 Bxe3 26. Rgf1 Bc5 27. Rf3 Rc7 28. Rdf1 a5 29. h4 Rd7 30. Bc4 Re7 31. h5 Re2 32. Bxe2 1-0

[Event "*** SCC Grand Prix: Titled Tuesday Blitz"]
[Site "Chess.com"]
[Date "2020.08.11"]
[Round "9"]
[White "WiktoriaPOL"]
[Black "TudorAnton"]
[Result "1-0"]
[WhiteElo "1896"]
[BlackElo "2489"]
[TimeControl "180+1"]
[EndTime "11:42:56 PDT"]
[Termination "WiktoriaPOL won by resignation"]

1. c4 g6 2. Nc3 Bg7 3. g3 Nf6 4. Bg2 O-O 5. e4 d6 6. Nge2 c5 7. d3 Nc6 8. O-O Bd7 9. f4 Qc8 10. Qe1 Rb8 11. Qf2 Ng4 12. Qf3 Nd4 13. Nxd4 Bxd4+ 14. Kh1 Nxh2 15. Kxh2 Bg4 16. Bh3 Bxh3 17. Rh1 Bg4 18. Qf1 h5 19. f5 e6 20. f6 e5 21.
Bh6 Qe6 22. Nd5 Rfd8 23. Ne7+ Kh7 24. Bg7 Rd7 25. Qc1 1-0

[Event "*** SCC Grand Prix: Titled Tuesday Blitz"]
[Site "Chess.com"]
[Date "2020.08.11"]
[Round "9"]
[White "Lenyas66"]
[Black "politeplayer"]
[Result "0-1"]
[WhiteElo "2474"]
[BlackElo "2268"]
[TimeControl "180+1"]
[EndTime "11:43:05 PDT"]
[Termination "politeplayer won by resignation"]

1. e4 e6 2. d4 d5 3. Nd2 dxe4 4. Nxe4 Nd7 5. Nf3 Ngf6 6. Nxf6+ Nxf6 7. Bd3 c5 8. O-O cxd4 9. Nxd4 Bc5 10. Nb3 Bb6 11. Qf3 Qd5 12. Qg3 Bd7 13. c4 Qc6 14. c5 Bc7 15. Qh3 h5 16. Re1 Ng4 17. g3 Qf3 18. Be3 Bc6 19. Kf1 O-O-O 0-1

[Event "*** SCC Grand Prix: Titled Tuesday Blitz"]
[Site "Chess.com"]
[Date "2020.08.11"]
[Round "9"]
[White "CrazyMartian"]
[Black "MPGM"]
[Result "1-0"]
[WhiteElo "2351"]
[BlackElo "2439"]
[TimeControl "180+1"]
[EndTime "11:43:08 PDT"]
[Termination "CrazyMartian won by resignation"]

1. d4 d5 2. Bf4 c5 3. e3 Nc6 4. c3 Bf5 5. Nd2 e6 6. Ngf3 Qb6 7. Qb3 c4 8. Qxb6 axb6 9. e4 Bg6 10. exd5 exd5 11.
a3 b5 12. Rc1 h6 13. Be2 Nf6 14. Ne5 Bh7 15. Bf3 Be7 16. O-O O-O 17. h3 Rfd8 18.
Rfe1 Bf8 19. Nf1 Nd7 20. Nxf7 Nb6 21. Nxd8 Rxd8 22. Bc7 Na4 23. Bxd8 Nxd8 24. Bxd5+ Kh8 25. Re8 1-0

[Event "*** SCC Grand Prix: Titled Tuesday Blitz"]
[Site "Chess.com"]
[Date "2020.08.11"]
[Round "9"]
[White "abykhovsky"]
[Black "Skatchkov_V"]
[Result "1-0"]
[WhiteElo "2766"]
[BlackElo "2647"]
[TimeControl "180+1"]
[EndTime "11:43:15 PDT"]
[Termination "abykhovsky won by resignation"]

1. d4 Nf6 2. Nf3 e6 3. c4 b6 4.
g3 Bb7 5. Bg2 Be7 6. O-O O-O 7.
Nc3 Ne4 8. Bd2 Bf6 9. Rc1 Nxd2 10. Qxd2 d6 11. e4 Nd7 12. b4 a5 13. b5 e5 14.
Nd5 exd4 15. Nxd4 Nc5 16. f4 Re8 17. Rfe1 Bxd5 18. cxd5 Qd7 19. Nc6 g6 20. h4 Bg7 21.
Kh2 a4 22. Bh3 f5 23. exf5 gxf5 24. Qc2 Rxe1 25. Rxe1 Rf8 26. Bxf5 Qf7 27. Bxh7+ Kh8 28. Ne7 Bf6 29. Ng6+ Kg7 30. Nxf8 Qxf8 31. Qg6+ Kh8 32. Re8 1-0

[Event "*** SCC Grand Prix: Titled Tuesday Blitz"]
[Site "Chess.com"]
[Date "2020.08.11"]
[Round "9"]
[White "KuzubovYuriy"]
[Black "dopolian"]
[Result "1-0"]
[WhiteElo "2817"]
[BlackElo "2536"]
[TimeControl "180+1"]
[EndTime "11:43:16 PDT"]
[Termination "KuzubovYuriy won by resignation"]

1. d4 Nf6 2. Nf3 g6 3. Nbd2 d5 4. e3 Bg7 5. b4 O-O 6. Be2 Bf5 7. O-O Nbd7 8. a4 a5 9. b5 c5 10. bxc6 bxc6 11. c4 c5 12. Ba3 cxd4 13. Nxd4 dxc4 14. Nc6 Qc7 15. Nxe7+ Kh8 16. Nxf5 gxf5 17. Bxf8 Rxf8 18. Nxc4 Ng4 19. Bxg4 fxg4 20. Rc1 h5 21. Qd5 Nf6 22. Qxa5 Qxa5 23. Nxa5 Ra8 24. Rc5 Bf8 25. Rb5 Kg7 26. Ra1 h4 27. f3 Bd6 28.
Nc4 Bc7 29. Rb7 Bd8 30. a5 Ra6 31. Rd1 Rc6 32. Rxf7+ Kg6 33. Ne5+ 1-0

[Event "*** SCC Grand Prix: Titled Tuesday Blitz"]
[Site "Chess.com"]
[Date "2020.08.11"]
[Round "9"]
[White "mr65"]
[Black "chess_rehab"]
[Result "0-1"]
[WhiteElo "2141"]
[BlackElo "2294"]
[TimeControl "180+1"]
[EndTime "11:43:18 PDT"]
[Termination "chess_rehab won by resignation"]

1. e4 c5 2. Nf3 d6 3. Nc3 Nf6 4. e5 dxe5 5. Nxe5 a6 6. a4 Nbd7 7.
Nc4 e6 8. Be2 Be7 9. O-O O-O 10.
b3 b6 11. Bf3 Rb8 12. Bb2 Bb7 13. Bxb7 Rxb7 14. Qf3 Qc7 15. d3 Rfb8 16. Rfe1 Nf8 17. Ne4 b5 18. axb5 axb5 19. Nxf6+ Bxf6 20. Bxf6 bxc4 21. Qg4 Ng6 22. h4 gxf6 23. h5 Qf4 24. Qxf4 Nxf4 25. dxc4 Nxh5 26. Ra5 Rc7 27. Rd1 Nf4 28. g3 Ne2+ 29.
Kf1 Nd4 30. Rd2 f5 31. Kg2 e5 32. Ra6 e4 33. Ra5 Rb6 34. Ra8+ Kg7 35. Re8 Rh6 36. Re5 Nf3 0-1

[Event "*** SCC Grand Prix: Titled Tuesday Blitz"]
[Site "Chess.com"]
[Date "2020.08.11"]
[Round "9"]
[White "Mikhail_Golubev"]
[Black "Caterpiller35"]
[Result "1-0"]
[WhiteElo "2578"]
[BlackElo "2404"]
[TimeControl "180+1"]
[EndTime "11:43:21 PDT"]
[Termination "Mikhail_Golubev won by resignation"]

1. e4 c5 2. Nf3 Nc6 3. Nc3 e5 4. Bc4 Be7 5. d3 Nf6 6. Ng5 O-O 7. h4 Nd4 8. Nd5 b5 9. Nxf6+ Bxf6 10. Qh5 h6 11.
Bxf7+ Rxf7 12. Qxf7+ Kh8 13. Kd1 c4 14. Qd5 Bxg5 15.
hxg5 d6 16. gxh6 g6 17. Qf7 Qg8 18. Qxg8+ Kxg8 19. h7+ Kh8 20. Bg5 1-0

[Event "*** SCC Grand Prix: Titled Tuesday Blitz"]
[Site "Chess.com"]
[Date "2020.08.11"]
[Round "9"]
[White "Nara_Kh"]
[Black "realmadridtv"]
[Result "0-1"]
[WhiteElo "2324"]
[BlackElo "2469"]
[TimeControl "180+1"]
[EndTime "11:43:28 PDT"]
[Termination "realmadridtv won by resignation"]

1. e4 e5 2. Nf3 Nc6 3. Bb5 a6 4. Ba4 Nf6 5. O-O Be7 6. d3 b5 7. Bb3 O-O 8. a4 b4 9. Nbd2 d6 10. h3 Na5 11. Ba2 c5 12. c3 Rb8 13. Nc4 Nxc4 14.
Bxc4 a5 15. Re1 Be6 16. Bxe6 fxe6 17. Qb3 Qd7 18. Ng5 d5 19. exd5 exd5 20. Rxe5 Bd6 21.
Re2 h6 22. Nf3 Kh8 23. c4 Nh5 24. cxd5 Rxf3 25. gxf3 Qxh3 26. f4 Bxf4 27. Re3 Bh2+ 28. Kh1 Bg3+ 29. Kg1 Qh2+ 0-1

[Event "*** SCC Grand Prix: Titled Tuesday Blitz"]
[Site "Chess.com"]
[Date "2020.08.11"]
[Round "9"]
[White "ural58"]
[Black "slavenok"]
[Result "0-1"]
[WhiteElo "2518"]
[BlackElo "2719"]
[TimeControl "180+1"]
[EndTime "11:43:29 PDT"]
[Termination "slavenok won by resignation"]

1. e4 c5 2. b3 e6 3. Qe2 a6 4. Bb2 Nc6 5. f4 d6 6. Nc3 Nf6 7. O-O-O Be7 8. g4 Nd4 9. Qg2 O-O 10. g5 Nh5 11. Nce2 e5 12. h4 a5 13. a4 b5 14.
Nxd4 cxd4 15. Bxb5 Nxf4 16. Qf1 Bd7 17. c3 Bxb5 18. axb5 a4 19. cxd4 axb3 20. Ne2 Qa5 21. Nc3 Rfc8 22. Re1 d5 23. dxe5 d4 24. Qxf4 dxc3 25.
dxc3 Rxc3+ 0-1

[Event "*** SCC Grand Prix: Titled Tuesday Blitz"]
[Site "Chess.com"]
[Date "2020.08.11"]
[Round "9"]
[White "TheMightyBishops"]
[Black "AlanZhang"]
[Result "1-0"]
[WhiteElo "2010"]
[BlackElo "2159"]
[TimeControl "180+1"]
[EndTime "11:43:29 PDT"]
[Termination "TheMightyBishops won on time"]

1. e4 e5 2. f4 exf4 3. Bc4 d5 4.
Bxd5 Nf6 5. Bb3 Nxe4 6. Nf3 Bd6 7. d3 Nc5 8. Bc4 O-O 9. O-O Be6 10. Na3 g5 11. h3 Nbd7 12. h4 h6 13. g3 g4 14. Nd4 f3 15. Bxh6 Bxg3 16. Bg5 Re8 17. Bxd8 1-0

[Event "*** SCC Grand Prix: Titled Tuesday Blitz"]
[Site "Chess.com"]
[Date "2020.08.11"]
[Round "9"]
[White "Twitch_ElhamBlitz05"]
[Black "alexrustemov"]
[Result "1-0"]
[WhiteElo "2763"]
[BlackElo "2641"]
[TimeControl "180+1"]
[EndTime "11:43:30 PDT"]
[Termination "Twitch_ElhamBlitz05 won on time"]

1. e4 e6 2. d4 d5 3. Nc3 Bb4 4. exd5 exd5 5. Nf3 Nf6 6. Be2 O-O 7. O-O Bg4 8. Bg5 c6 9. Nb1 Bd6 10. Nbd2 Nbd7 11.
Ne5 Bxe2 12. Qxe2 Re8 13. Bxf6 Nxf6 14. f4 Qb6 15. Nb3 Ne4 16. Kh1 a5 17. a4 f6 18.
Qh5 fxe5 19. fxe5 Be7 20. Rf7 Bg5 21. Raf1 Qb4 22. Rxg7+ 1-0

[Event "*** SCC Grand Prix: Titled Tuesday Blitz"]
[Site "Chess.com"]
[Date "2020.08.11"]
[Round "9"]
[White "Fh2411"]
[Black "eightbyeightchess"]
[Result "0-1"]
[WhiteElo "2551"]
[BlackElo "2455"]
[TimeControl "180+1"]
[EndTime "11:43:30 PDT"]
[Termination "eightbyeightchess won by resignation"]

1. d4 d5 2. Nf3 Nf6 3. c4 c6 4. Nc3 dxc4 5. a4 Bf5 6. e3 e6 7. Bxc4 Nbd7 8. O-O Bb4 9. Qe2 Bg6 10. e4 Bxc3 11. bxc3 Nxe4 12. Ba3 Qc7 13. Rac1 O-O-O 14. Rfe1 Kb8 15. Qb2 Ka8 16. Ra1 Nb6 17. Bb3 Nd5 18. c4 Nf4 19. Ne5 f6 20. Nxg6 hxg6 21. Rxe4 Rxh2 22.
Rxf4 Qxf4 23. g3 Qf3 0-1

[Event "*** SCC Grand Prix: Titled Tuesday Blitz"]
[Site "Chess.com"]
[Date "2020.08.11"]
[Round "9"]
[White "Dinamo81"]
[Black "mfwagnerpeixoto"]
[Result "1-0"]
[WhiteElo "2607"]
[BlackElo "2278"]
[TimeControl "180+1"]
[EndTime "11:43:35 PDT"]
[Termination "Dinamo81 won by resignation"]

1. e4 c5 2. Nc3 Nc6 3. Bb5 Na5 4. d4 cxd4 5. Qxd4 a6 6. Be2 Nc6 7. Qe3 g6 8. b3 d6 9. Bb2 Bh6 10. f4 e5 11. Nd5 Be6 12. Nh3 Qh4+ 13. Qg3 Qxg3+ 14.
hxg3 Bxd5 15. exd5 Nb4 16. O-O-O Rc8 17. c4 Ne7 18.
Kb1 Nf5 19. Bg4 a5 20. fxe5 O-O 21. Bxf5 gxf5 22. Nf4 1-0

[Event "*** SCC Grand Prix: Titled Tuesday Blitz"]
[Site "Chess.com"]
[Date "2020.08.11"]
[Round "9"]
[White "arminmusovic"]
[Black "AlexTriapishko"]
[Result "0-1"]
[WhiteElo "2512"]
[BlackElo "2683"]
[TimeControl "180+1"]
[EndTime "11:43:40 PDT"]
[Termination "AlexTriapishko won by resignation"]

1. a3 Nf6 2. Nc3 d5 3. d3 g6 4. Bg5 Bg7 5. e4 O-O 6. f4 d4 7. Nce2 Ng4 8. Ng3 Ne3 9. Qd2 c5 10. Nf3 Nc6 11. c3 h6 12. Bh4 Na5 13. cxd4 cxd4 14.
Qe2 Nb3 15. Rb1 Bg4 16. Kf2 Rc8 17. Kg1 Rc2 18. Qe1 Bxf3 19. gxf3 Nd2 20. Be2 Nxb1 21. Qxb1 Qc8 22. Kf2 Qh3 23. Bxe7 Qg2+ 24. Ke1 Rfc8 0-1

[Event "*** SCC Grand Prix: Titled Tuesday Blitz"]
[Site "Chess.com"]
[Date "2020.08.11"]
[Round "9"]
[White "tptagain"]
[Black "VishnuPrasanna"]
[Result "1-0"]
[WhiteElo "2913"]
[BlackElo "2685"]
[TimeControl "180+1"]
[EndTime "11:43:46 PDT"]
[Termination "tptagain won by resignation"]

1. e4 c5 2. Nc3 d6 3. f4 e6 4. Nf3 Nf6 5. d4 cxd4 6. Nxd4 a6 7. Qf3 Qb6 8. Nb3 Qc7 9. g4 Nc6 10. g5 Nd7 11. Be3 b5 12. O-O-O Bb7 13. Qh3 b4 14. Na4 Rc8 15. Bd3 Be7 16. g6 Nf6 17. gxf7+ Kxf7 18. Rhg1 Na5 19. e5 Nxb3+ 20. axb3 Be4 21.
Rxg7+ Kf8 22. exf6 Qxc2+ 23. Bxc2 Rxc2+ 24. Kb1 Rxh2+ 25. Ka2 Rxh3 1-0

[Event "*** SCC Grand Prix: Titled Tuesday Blitz"]
[Site "Chess.com"]
[Date "2020.08.11"]
[Round "9"]
[White "Meri-Arabidze"]
[Black "grunbergmihai"]
[Result "1-0"]
[WhiteElo "2607"]
[BlackElo "2458"]
[TimeControl "180+1"]
[EndTime "11:43:47 PDT"]
[Termination "Meri-Arabidze won by resignation"]

1. d4 Nf6 2. c4 g6 3. g3 d5 4. cxd5 Nxd5 5. Bg2 Bg7 6. Nf3 Nc6 7. O-O O-O 8. e4 Nb6 9. d5 Na5 10. Nc3 c6 11. Re1 Bg4 12. h3 Bxf3 13. Qxf3 cxd5 14. exd5 Nac4 15. Bg5 Re8 16. b3 Nd6 17. Rac1 Rc8 18.
Ne4 Rxc1 19. Rxc1 Nf5 20. d6 Nxd6 21. Nxd6 Qxd6 22. Qxb7 Qa3 23. Rc2 Qd6 24. Kh2 Qa3 25. Bc6 Rc8 26. Bxe7 Qa5 27. Bc5 Rd8 28. b4 Qa3 29.
Qe7 Qd3 30. Be8 Qxc2 31. Bxf7+ 1-0

[Event "*** SCC Grand Prix: Titled Tuesday Blitz"]
[Site "Chess.com"]
[Date "2020.08.11"]
[Round "9"]
[White "vrekhson"]
[Black "Agibileg"]
[Result "0-1"]
[WhiteElo "2152"]
[BlackElo "2406"]
[TimeControl "180+1"]
[EndTime "11:43:47 PDT"]
[Termination "Agibileg won on time"]

1. e4 c5 2. Nf3 e6 3. c3 d5 4. e5 d4 5. Bb5+ Bd7 6. Be2 Bc6 7. d3 Ne7 8. O-O Ng6 9. cxd4 cxd4 10. Nbd2 Nd7 11.
Nc4 Bc5 12. Nd6+ Bxd6 13. exd6 e5 14. Qb3 O-O 15. Bg5 Nf6 16. Qa3 h6 17. Bd2 Qd7 18.
Rac1 Nd5 19. h4 Ndf4 20. Bxf4 Nxf4 21. Rfe1 Qg4 22. g3 Nxe2+ 23. Rxe2 Bxf3 0-1

[Event "*** SCC Grand Prix: Titled Tuesday Blitz"]
[Site "Chess.com"]
[Date "2020.08.11"]
[Round "9"]
[White "queen_iryna"]
[Black "tlomigtlis"]
[Result "0-1"]
[WhiteElo "2243"]
[BlackElo "2416"]
[TimeControl "180+1"]
[EndTime "11:43:48 PDT"]
[Termination "tlomigtlis won by resignation"]

1. Nf3 Nf6 2. g3 d5 3. c4 c6 4. b3 Bg4 5. Bg2 Nbd7 6. O-O e5 7. Bb2 Bd6 8. d3 O-O 9. Nbd2 Qe7 10. Rc1 e4 11.
dxe4 dxe4 12. Nd4 e3 13. N2f3 exf2+ 14. Rxf2 Ne5 15. Qc2 Rad8 16. Nf5 Bxf5 17. Qxf5 Neg4 18. Bxf6 Nxf6 19. c5 Bc7 20. Ng5 Rfe8 21. Qc2 h6 22. Rxf6 Qxf6 23. Qh7+ Kf8 24. Nxf7 Rd7 25. Rf1 Qd4+ 26.
Kh1 Rxf7 27. Qh8+ Ke7 28. Rxf7+ Kxf7 0-1

[Event "*** SCC Grand Prix: Titled Tuesday Blitz"]
[Site "Chess.com"]
[Date "2020.08.11"]
[Round "9"]
[White "GracefulYear"]
[Black "Spriteball"]
[Result "0-1"]
[WhiteElo "2352"]
[BlackElo "2146"]
[TimeControl "180+1"]
[EndTime "11:43:52 PDT"]
[Termination "Spriteball won on time"]

1. d4 d5 2. c4 c6 3. Nf3 Nf6 4. g3 dxc4 5. Bg2 Bf5 6. a4 e6 7. O-O Be7 8. Nbd2 Nbd7 9. Nxc4 O-O 10. Nfe5 Nxe5 11. Nxe5 Nd7 12. Bf4 Nxe5 13. Bxe5 Bd6 14. Bxd6 Qxd6 15. e4 Bg6 16. Qc2 Qxd4 17. Rfd1 Qb4 18.
Rd7 Rfd8 19. Rad1 Rxd7 20. Rxd7 Qe1+ 21. Bf1 Bxe4 22. Qc5 h6 23. Rxb7 Qd1 24. Qc4 Qf3 0-1

[Event "*** SCC Grand Prix: Titled Tuesday Blitz"]
[Site "Chess.com"]
[Date "2020.08.11"]
[Round "9"]
[White "paulrusan"]
[Black "Sn00pPawn"]
[Result "1-0"]
[WhiteElo "2204"]
[BlackElo "2011"]
[TimeControl "180+1"]
[EndTime "11:43:52 PDT"]
[Termination "paulrusan won on time"]

1. e4 c5 2. b4 cxb4 3. Bb2 d5 4. exd5 Qxd5 5. d4 Nc6 6. c4 bxc3 7. Nxc3 Qxd4 8.
Nd5 Qxd1+ 9. Rxd1 Bd7 10. Nc7+ Kd8 11. Nxa8 e5 12. Bb5 Kc8 13. Nf3 f6 14. O-O Bb4 15.
Rc1 Ne7 16. Rfd1 Rd8 17. Nd2 Be6 18. Nc4 Rxd1+ 19. Rxd1 b6 20. Nd6+ Kb8 21. Nxb6 1-0

[Event "*** SCC Grand Prix: Titled Tuesday Blitz"]
[Site "Chess.com"]
[Date "2020.08.11"]
[Round "9"]
[White "beto-betun"]
[Black "Gvetadze"]
[Result "0-1"]
[WhiteElo "2150"]
[BlackElo "2404"]
[TimeControl "180+1"]
[EndTime "11:43:54 PDT"]
[Termination "Gvetadze won by resignation"]

1. d4 Nf6 2. Nf3 g6 3. g3 Bg7 4.
Bg2 O-O 5. O-O d6 6. c4 Nbd7 7. Nc3 c6 8. e4 Qc7 9. Re1 e5 10. h3 exd4 11. Nxd4 Re8 12. Bf4 Ne5 13. b3 h6 14. Rc1 Bd7 15. Be3 Rad8 16. f4 Bc8 17. Qe2 Ned7 18. b4 a6 19. a4 c5 20. Nd5 Nxd5 21. cxd5 Qb8 22. bxc5 Nxc5 23. Qc2 Bd7 24. a5 Ba4 25. Qb1 Re7 26. e5 dxe5 27. Rxc5 exd4 28. Bd2 Rxe1+ 29. Qxe1 Qd6 30. Rc1 Re8 31. Qf2 Bb5 32. Kh2 Re2 0-1